 Dungeon Crawl Stone Soup version 0.30-a0-691-g754fce4c43 (webtiles) character file.

Game seed: 16094641093662029608

3371 Newt the Basher (level 9, 0/62 HPs)
             Began as a Demonspawn Gladiator on Jan 19, 2023.
             Was a Priest of Hepliaklqana.
             Slain by Joseph
             ... wielding a +0 quarterstaff
              (18 damage)
             ... on level 7 of the Dungeon.
             The game lasted 00:06:29 (5813 turns).

Newt the Basher (Demonspawn Gladiator)              Turns: 5813, Time: 00:06:29

Health: 0/62       AC:  5    Str: 19    XL:     9   Next: 73%
Magic:  9/9        EV: 12    Int: 11    God:    Hepliaklqana [***...]
Gold:   290        SH:  0    Dex: 15    Spells: 7/8 levels left

rFire   + . .      SeeInvis +    m - +6 hammer of the Sneaky Ultimatums {freeze, rF+}
rCold   . . .      Faith    .    (no shield)
rNeg    . . .      Spirit   .    b - +0 leather armour
rPois   .          Reflect  .    c - +1 helmet
rElec   .          Harm     .    (no cloak)
rCorr   +          Rampage  .    (no gloves)
Will    .....                    (no boots)
Stlth   ++                       (no amulet)
HPRegen 0.30/turn                o - ring of see invisible
MPRegen 0.11/turn                s - ring of resist corrosion

@: no status effects
A: reduced essence, powered by death 2, spiny 2, big brain 1, demonic touch 2
a: Renounce Religion, Recall Ancestor, Ancestor Identity, Transference


You were on level 7 of the Dungeon.
You worshipped Hepliaklqana.
Hepliaklqana was most pleased with you.
You visited 1 branch of the dungeon, and saw 7 of its levels.

You collected 350 gold pieces.
You spent 60 gold pieces at shops.

Inventory:

Hand Weapons
 a - a +1 rapier
 m - the +6 hammer of the Sneaky Ultimatums (weapon) {freeze, rF+}
   (You found it on level 2 of the Dungeon)

   rF:        It protects you from fire.
 u - a +2 whip of flaming
Missiles
 d - 4 throwing nets (quivered)
 e - 5 javelins
Armour
 b - a +0 leather armour (worn)
 c - a +1 helmet (worn)
 w - a scarf of invisibility
Jewellery
 o - a ring of see invisible (left hand)
 r - a ring of ice
 s - a ring of resist corrosion (right hand)
Scrolls
 q - 3 scrolls of magic mapping
 t - 4 scrolls of teleportation
 y - a scroll of identify
Potions
 f - 2 potions of resistance
 g - 3 potions of lignification
 h - 2 potions of haste {unknown}
 i - a potion of ambrosia {unknown}
 j - a potion of attraction {unknown}
 k - a potion of berserk rage {unknown}
 l - 3 potions of mutation {unknown}
 n - a potion of degeneration {unknown}
 p - 3 potions of brilliance {unknown}
 v - a potion of invisibility
 x - 2 potions of heal wounds


   Skills:
 - Level 6.0 Fighting
 - Level 2.6 Short Blades
 + Level 8.7 Maces & Flails
 - Level 1.7 Throwing
 - Level 5.0 Armour
 - Level 2.6 Dodging
 - Level 3.0 Stealth
 - Level 5.0 Evocations


You had 7 spell levels left.
You knew the following spells:

 Your Spells              Type           Power      Damage    Failure   Level
a - Summon Small Mammal   Summ           0%         N/A       38%         1

Your spell library contained the following spells:

 Spells                   Type           Power      Damage    Failure   Level
 Cigotuvi's Dreadful Rot  Necr/Pois/Air  0%         N/A       52%         2
 Poisonous Vapours        Pois/Air       0%         N/A       52%         2
 Call Canine Familiar     Summ           0%         N/A       77%         3
 Mephitic Cloud           Conj/Pois/Air  0%         N/A       77%         3
 Portal Projectile        Hex/Tloc       0%         N/A       77%         3
 Summon Guardian Golem    Hex/Summ       0%         N/A       77%         3
 Tukima's Dance           Hex            0%         N/A       77%         3
 Dispel Undead            Necr           0%         3d6       99%         4
 Blade Hands              Tmut           0%         N/A       100%        5
 Death Channel            Necr           0%         N/A       100%        6


Dungeon Overview and Level Annotations

Branches:
Dungeon (7/15)             Temple (0/1) D:5

Altars:
Ashenzari
Cheibriados
Dithmenos
Hepliaklqana
Okawaru
Qazlal
Ru
Uskayaw

Shops:
D:4 !

Annotations:
D:7 Joseph


Innate Abilities, Weirdness & Mutations

Your life essence is reduced to manifest your ancestor. (-10% HP)
You regenerate health from kills.
You are mostly covered in sharp spines.
You have an unusually large brain. (Int +2)
Your touch may inflict irresistible damage on your foes.


Message History

You sock the bullfrog!
The bullfrog seems to slow down.
You freeze the bullfrog.
The bullfrog is severely wounded.
The bullfrog is struck by your spines.
You kill the bullfrog!
No target in view!
You now have 277 gold pieces (gained 12).
Joseph, a Mercenary comes into view.
He is wielding a +0 quarterstaff.
Found a scroll of identify.
Joseph is nearby!
Joseph is nearby!
No reachable target in view!
Joseph shouts!
Joseph unwields a +0 quarterstaff.
Joseph wields a +0 sling.
Joseph shoots a sling bullet.
The sling bullet hits you!
Joseph shoots a sling bullet.
The sling bullet closely misses you.
Found a dagger.
You now have 290 gold pieces (gained 13).
A shadow imp comes into view.
You see here a scroll of identify.
y - a scroll of identify The shadow imp shouts, "Despair, thou rank boil-brained skainsmate!"
You hear a shout!
An orc comes into view. It is wielding a +0 whip.
The orc moves out of view.
You sock the shadow imp!
The shadow imp is almost dead.
The shadow imp is struck by your spines.
You kill the shadow imp!
No target in view!
No target in view!
Joseph shoots a sling bullet.
The sling bullet hits you!!
Joseph shoots a sling bullet.
The sling bullet barely misses you.
The sling bullet hits Tlaloc!
Joseph shoots a sling bullet.
The sling bullet hits you!
Joseph shoots a sling bullet.
The sling bullet hits you!
* * * LOW HITPOINT WARNING * * *
Joseph unwields a +0 sling.
Joseph wields a +0 quarterstaff.
Joseph hits you with a +0 quarterstaff!!
You die...

......# ....... .....
..........#
....#..........#
#.............# .
#............### ..
###.<..≈≈≈≈≈≈≈...#
...#.##..≈≈≈≈≈≈.....#
#...†...≈≈_....8...#
##.......≈≈≈≈≈≈@@..###
..........≈≈≈≈≈R≈....##
......................##
.......................#
..#.##.........##....###
.### #................#
..#.##..#.#...........#
.....................#
#................#.##


You could see the friendly Tlaloc the battlemage and Joseph (ally target).

Vanquished Creatures
  A two-headed ogre (D:6)
  Pikel (D:6)
  2 black bears
  2 ice beasts
  An ogre (D:5)
  A phantom (D:6)
  2 bullfrogs
  2 scorpions
  A necrophage (D:5)
  2 howler monkeys
  Crazy Yiuf (D:2)
  2 hounds
  2 gnoll boudas (D:6)
  An orc priest (D:3)
  Terence (D:3)
  2 iguanas
  2 orc wizards
  2 adders
  5 gnolls (D:6)
  A shadow imp (D:7)
  An ufetubus (D:5)
  A worm (D:4)
  4 dart slugs
  14 orcs
  5 bats
  7 endoplasms
  5 giant cockroaches
  9 goblins
  4 hobgoblins
  6 jackals
  4 kobolds
  2 quokkas (D:1)
  5 ball pythons
  A frilled lizard (D:1)
  2 rats (D:1)
104 creatures vanquished.

Vanquished Creatures (collateral kills)
  Grinder (D:4)
  Menkaure (D:4)
  A phantom (D:5)
  Blork the orc (D:4)
  2 gnoll sergeants
  A scorpion (D:5)
  An electric eel (D:6)
  A jelly (D:5)
  A hound (D:6)
  A gnoll bouda (D:6)
  2 iguanas
  8 gnolls
  An adder (D:5)
  A dart slug (D:5)
  2 orcs
  A bat (D:2)
  An endoplasm (D:2)
  A goblin (D:3)
  A hobgoblin (D:2)
  A quokka (D:4)
  A ball python (D:4)
  A frilled lizard (D:3)
  A kobold (D:1)
  A rat (D:2)
34 creatures vanquished.

Vanquished Creatures (others)
  An ancestor (D:2)
  10 plants (D:6)
11 creatures vanquished.

Grand Total: 149 creatures vanquished

Notes
Turn   | Place    | Note
-------+----------+-------------------------------------------
     0 | D:1      | Newt the Demonspawn Gladiator began the quest for the Orb.
     0 | D:1      | Reached XP level 1. HP: 16/16 MP: 1/1
    94 | D:1      | Reached skill level 1 in Stealth
   147 | D:1      | Gained mutation: You regenerate a little health from kills.
                  | [demonic ancestry]
   147 | D:1      | Reached XP level 2. HP: 21/22 MP: 2/2
   485 | D:1      | Found a faded altar of an unknown god.
   491 | D:1      | Gained mutation: You have an unusually large brain. (Int
                  | +2) [demonic ancestry]
   491 | D:1      | Reached XP level 3. HP: 24/27 MP: 3/3
   502 | D:1      | Prayed at the altar of an unknown god.
   502 | D:1      | Became a worshipper of Hepliaklqana the Forgotten
   502 | D:1      | Reached * piety under Hepliaklqana
   797 | D:2      | Identified the +11 falchion of Ummiov {antimagic, Str+2}
  1030 | D:2      | Gained mutation: You are partially covered in sharp spines.
                  | [demonic ancestry]
  1030 | D:2      | Reached XP level 4. HP: 28/30 MP: 4/4
  1481 | D:2      | Found a runed translucent door.
  1482 | D:2      | Noticed Crazy Yiuf
  1497 | D:2      | Killed Crazy Yiuf
  1503 | D:2      | Identified the +6 hammer of the Sneaky Ultimatums {freeze,
                  | rF+}
  1584 | D:3      | Noticed Terence
  1588 | D:3      | Killed Terence
  2137 | D:3      | Gained mutation: You are mostly covered in sharp spines.
                  | [demonic ancestry]
  2137 | D:3      | Reached XP level 5. HP: 22/37 MP: 5/5
  2139 | D:3      | Reached skill level 1 in Maces & Flails
  2427 | D:3      | Reached skill level 2 in Maces & Flails
  2505 | D:3      | Reached ** piety under Hepliaklqana
  2506 | D:3      | Remembered your ancestor Tlaloc as a battlemage
  2509 | D:3      | Learned a level 1 spell: Summon Small Mammal
  2903 | D:4      | Noticed Grinder
  2904 | D:4      | Found a snail-covered altar of Cheibriados.
  2912 | D:4      | Reached skill level 3 in Maces & Flails
  2915 | D:4      | Killed Grinder
  2916 | D:4      | Reached skill level 4 in Maces & Flails
  2916 | D:4      | Gained mutation: Your touch may inflict minor irresistible
                  | damage on your foes. [demonic ancestry]
  2916 | D:4      | Reached XP level 6. HP: 43/43 MP: 6/6
  2985 | D:4      | Found Joach's Distillery.
  2994 | D:4      | Bought a potion of heal wounds for 60 gold pieces
  3052 | D:4      | Identified the +0 leather armour "Izuicodu" {rC+ Stlth+}
  3138 | D:4      | Noticed Blork the orc
  3143 | D:4      | Killed Blork the orc
  3144 | D:4      | Reached skill level 5 in Maces & Flails
  3144 | D:4      | Gained mutation: You regenerate health from kills. [demonic
                  | ancestry]
  3144 | D:4      | Reached XP level 7. HP: 41/48 MP: 7/7
  3335 | D:4      | Noticed Menkaure
  3340 | D:4      | Killed Menkaure
  3341 | D:4      | Reached skill level 6 in Maces & Flails
  3582 | D:4      | Identified the +3 ring mail "Zoczyity" {rCorr Int+3}
  3795 | D:5      | Entered Level 5 of the Dungeon
  3832 | D:5      | Found a shadowy altar of Dithmenos.
  3838 | D:5      | Reached skill level 5 in Fighting
  3935 | D:5      | Reached XP level 8. HP: 57/57 MP: 8/8
  3940 | D:5      | Found a staircase to the Ecumenical Temple.
  3964 | D:5      | Found an iron altar of Okawaru.
  4021 | D:5      | Reached skill level 1 in Armour
  4043 | D:5      | Found a sacrificial altar of Ru.
  4155 | D:5      | Found a stormy altar of Qazlal.
  4157 | D:5      | Noticed an air elemental
  4924 | D:5      | Found a broken altar of Ashenzari.
  5005 | D:6      | Noticed Pikel
  5009 | D:6      | Killed Pikel
  5010 | D:6      | Reached skill level 5 in Armour
  5010 | D:6      | Gained mutation: Your touch may inflict irresistible damage
                  | on your foes. [demonic ancestry]
  5010 | D:6      | Reached XP level 9. HP: 49/62 MP: 9/9
  5020 | D:6      | Reached *** piety under Hepliaklqana
  5233 | D:6      | Reached skill level 5 in Evocations
  5366 | D:6      | Noticed a two-headed ogre
  5372 | D:6      | Killed a two-headed ogre
  5373 | D:6      | Reached skill level 7 in Maces & Flails
  5596 | D:6      | Reached skill level 8 in Maces & Flails
  5779 | D:7      | Found a hide-covered altar of Uskayaw.
  5788 | D:7      | Noticed Joseph
  5813 | D:7      | Slain by Joseph

Illustrated notes

Levels and vault maps discovered:
D:1:      scummos_arrival_star, layout_loops_ring,
          hellmonk_ecumenical_altar_dog_temple
D:2:      layout_rooms, kennysheep_generic_room_11, uniq_crazy_yiuf_cottage
D:3:      layout_basic, grunt_ministairs_1, uniq_terence
D:4:      layout_loops_ring, slow_altar_1, serial_shops,
          nicolae_shop_statue_plus, uniq_blork_the_orc, uniq_menkaure,
          uniq_grinder
D:5:      layout_basic, nicolae_qazlal_style_of_elements,
          nicolae_ru_awakened_eye, lemuel_crystal_altar, marbit_many_paths,
          nicolae_ashenzari_skybound, minmay_temple_entry_waves,
          lightli_minifort
D:6:      layout_loops_ring, serial_bayou, serial_bayou_pond_d,
          serial_bayou_pond_b, serial_bayou_lagoon_a, serial_bayou_crossing,
          uniq_pikel
D:7:      nzn_winding_woodlands_stair_cross [nzn_winding_woodlands_5x15_zeroes,
          nzn_winding_woodlands_center_lodge, nzn_winding_woodlands_5x15_pool,
          nzn_winding_woodlands_5x5_closed_star,
          nzn_winding_woodlands_5x5_open_star,
          nzn_winding_woodlands_5x15_river_crossing,
          nzn_winding_woodlands_center_triple_pond,
          nzn_winding_woodlands_5x15_twine], layout_cave_pools,
          vehumet_crystals, mainiacjoe_overflow_catwalk,
          nicolae_sif_muna_condensation, uniq_joseph, uniq_maggie,
          uniq_prince_ribbit1

Skill      XL: |  1  2  3  4  5  6  7  8  9 |
---------------+----------------------------+-----
Stealth        | 1 2 3 |  3.0
Fighting       | 4 5 6 |  6.0
Maces & Flails | 4 5 6 8 |  8.7
Armour         | 5 |  5.0
Evocations     | 3 5 |  5.0
Short Blades   | |  2.6
Throwing       | |  1.7
Dodging        | |  2.6

Action                   |  1- 3 |  4- 6 |  7- 9 || total
-------------------------+-------+-------+-------++-------
Melee: Rapier            |   129 |     8 |       ||   137
       Mace              |       |    49 |    89 ||   138
       Unarmed           |       |     4 |       ||     4
       Punch             |       |     2 |       ||     2
       Touch             |       |       |    15 ||    15
Throw: Throwing net      |     2 |     4 |       ||     6
       Javelin           |       |     3 |     1 ||     4
Invok: Recall Ancestor   |     2 |       |       ||     2
       Ancestor Life: Ba |       |     1 |       ||     1
  Use: Scroll            |     1 |    10 |       ||    11
       Potion            |       |     3 |       ||     3
 Stab: Sleeping          |     1 |     5 |     8 ||    14
       Distracted        |       |     1 |     1 ||     2
Armor: Leather armour    |    43 |     8 |    17 ||    68
Dodge: Dodged            |   103 |    21 |    50 ||   174

Table legend: (Time is in decaauts)
 A = Elapsed time spent in this place.
 B = Non-inter-level travel time spent in this place.
 C = Inter-level travel time spent in this place.
 D = Time resting spent in this place.
 E = Time spent auto-exploring this place.
 F = Levels seen in this place.
 G = Mean time per level.
                   A        B        C        D        E       F      G
               +--------+--------+--------+--------+--------+-----+--------+
         Total |   5862 |   5643 |    219 |   1027 |   3744 |   7 |  837.4 |
       Dungeon |   5862 |   5643 |    219 |   1027 |   3744 |   7 |  837.4 |
               +--------+--------+--------+--------+--------+-----+--------+

Top non-repeatable levels by time:
     D:3: 1233 daAuts
     D:5: 1212 daAuts
     D:4: 992 daAuts
     D:2: 813 daAuts
     D:6: 795 daAuts
     D:1: 780 daAuts
     D:7: 33 daAuts
